SNL (28 & UNDER)
SALEM SILVER SOULS @ GAINESVILLE GUIDOS
05/28/2028
 
TOP OF THE 1ST
Salem Silver Souls batting - Pitching for Gainesville Guidos : RHP Steve Sousa
Pitching: RHP Steve Sousa
Batting: LHB Joel Nelson 0-0: Ball
1-0: Fly out, F7 (Flyball, 7D)
Batting: RHB Augusto Baiano 0-0: Fly out, F9 (Flyball, 9S)
Batting: RHB Jim Villiers 0-0: Ball
1-0: Swinging Strike
1-1: Foul Ball, location: 2F
1-2: Ball
2-2: Strikes out swinging
Top of the 1st over - 0 run(s), 0 hit(s), 0 error(s), 0 left on base; Salem 0 - Gainesville 0
BOTTOM OF THE 1ST
Gainesville Guidos batting - Pitching for Salem Silver Souls : RHP Pat Wyatt
Pitching: RHP Pat Wyatt
Batting: LHB Robbie Turner 0-0: Called Strike
0-1: Ball
1-1: Fly out, F6 (Popup, 6MD)
Batting: RHB Doug Coleman 0-0: Ball
1-0: Called Strike
1-1: Called Strike
1-2: Foul Ball, location: 2F
1-2: Foul Ball, location: 2F
1-2: Ball
2-2: Ball
3-2: Ground out 6-3 (Groundball, 6)
Batting: RHB Kyle O'Day 0-0: Ball
1-0: Ball
2-0: Ball
3-0: Called Strike
3-1: Foul Ball, location: 2F
3-2: Base on Balls
Batting: RHB Augusto Baca 0-0: Called Strike
0-1: Ball
1-1: Ball
2-1: Ball
3-1: Swinging Strike
3-2: Strikes out swinging
Bottom of the 1st over - 0 run(s), 0 hit(s), 0 error(s), 1 left on base; Salem 0 - Gainesville 0
TOP OF THE 2ND
Salem Silver Souls batting - Pitching for Gainesville Guidos : RHP Steve Sousa
Batting: LHB Hamilton Hughes 0-0: SINGLE (Flyball, 7LS)
Batting: SHB Tony Yan 0-0: Called Strike
0-1: Ball
1-1: Ground out 3-1 (Groundball, 34S)
Hamilton Hughes to second
Batting: SHB Jesús Sosa 0-0: Ball
1-0: Swinging Strike
1-1: Foul Ball, location: 2F
1-2: Foul Ball, location: 2F
1-2: Ball
2-2: Ball
3-2: SINGLE (Groundball, 34D)
Hamilton Hughes to third
Batting: SHB Dawson Fowler 0-0: Ball
1-0: Ball
2-0: Fielders Choice at 2nd, 3-6 (Groundball, 34)
Hamilton Hughes scores
Batting: SHB Francis Shaffer 0-0: Ball
1-0: Ball
2-0: Ball
3-0: Called Strike
3-1: Base on Balls
Dawson Fowler to second
Batting: RHB Jaime Rodríguez 0-0: Swinging Strike
0-1: Swinging Strike
0-2: Strikes out looking
Top of the 2nd over - 1 run(s), 2 hit(s), 0 error(s), 2 left on base; Salem 1 - Gainesville 0
BOTTOM OF THE 2ND
Gainesville Guidos batting - Pitching for Salem Silver Souls : RHP Pat Wyatt
Batting: RHB Denver Baker 0-0: Called Strike
0-1: Called Strike
0-2: Foul Ball, location: 2F
0-2: Foul Ball, location: 2F
0-2: Ball
1-2: Ball
2-2: Ball
3-2: SINGLE (Groundball, 25) (infield hit)
Batting: LHB Pedro Juárez 0-0: Ball
1-0: SINGLE (Flyball, 8RS)
Denver Baker to second
Batting: RHB Juan Reyes 0-0: Foul Ball, location: 2F
0-1: Ball
1-1: Called Strike
1-2: Foul Ball, location: 2F
1-2: Ball
2-2: Strikes out swinging
Batting: LHB Eddy Jefferson 0-0: Ball
1-0: Ball
2-0: Ball
3-0: Called Strike
3-1: Foul Ball, location: 2F
3-2: Base on Balls
Denver Baker to third
Pedro Juárez to second
Batting: RHB Adrián López 0-0: Fly out, F7 (Flyball, 7D)
Runner from 3rd tags up, SCORES, no throw
Pedro Juárez to third
Batting: LHB Robbie Turner 0-0: Called Strike
0-1: Ball
1-1: Ball
2-1: Ball
3-1: Base on Balls
Eddy Jefferson to second
Batting: RHB Doug Coleman 0-0: Ball
1-0: Ball
2-0: Swinging Strike
2-1: Ball
3-1: Foul Ball, location: 2F
3-2: Foul Ball, location: 2F
3-2: Strikes out swinging
Bottom of the 2nd over - 1 run(s), 2 hit(s), 0 error(s), 3 left on base; Salem 1 - Gainesville 1
TOP OF THE 3RD
Salem Silver Souls batting - Pitching for Gainesville Guidos : RHP Steve Sousa
Batting: LHB Joel Nelson 0-0: Ground out 1-3 (Groundball, 13)
Batting: RHB Augusto Baiano 0-0: SINGLE (Flyball, 7LS)
Batting: RHB Jim Villiers 0-0: Called Strike
0-1: Called Strike
0-2: Ball
1-2: Strikes out looking
Batting: LHB Hamilton Hughes 0-0: Ball
1-0: Foul Ball, location: 2F
1-1: Ball
2-1: Foul Ball, location: 2F
2-2: Strikes out swinging
Top of the 3rd over - 0 run(s), 1 hit(s), 0 error(s), 1 left on base; Salem 1 - Gainesville 1
BOTTOM OF THE 3RD
Gainesville Guidos batting - Pitching for Salem Silver Souls : RHP Pat Wyatt
Batting: RHB Kyle O'Day 0-0: Called Strike
0-1: Foul Ball, location: 2F
0-2: SINGLE (Groundball, 34D)
Pitching: RHP Mario Navarro
Batting: RHB Augusto Baca 0-0: Ball
Kyle O'Day steals 2nd base
1-0: Ball
2-0: Ball
3-0: Base on Balls
Batting: RHB Denver Baker 0-0: Foul Ball, location: 2F
0-1: Ball
1-1: SINGLE (Line Drive, 6)
Kyle O'Day to third
Augusto Baca to second
Runner from 3rd tries for Home, SAFE, no throw
Batting: LHB Pedro Juárez 0-0: Ball
1-0: Called Strike
1-1: Ball
2-1: Foul Ball, location: 2F
2-2: Foul Ball, location: 2F
2-2: SINGLE (Flyball, 7LM)
Augusto Baca to third
Denver Baker to second
Batting: RHB Juan Reyes 0-0: Ball
1-0: Foul Ball, location: 2F
1-1: Fly out, F9 (Flyball, 9LS)
Batting: LHB Eddy Jefferson 0-0: Foul Ball, location: 2F
0-1: Ball
1-1: Ball
2-1: Foul Ball, location: 2F
2-2: Grounds into fielders choice 1-2 (Groundball, 13)
Denver Baker to third
Pedro Juárez to second
Batting: RHB Adrián López 0-0: Called Strike
0-1: Swinging Strike
0-2: Foul Ball, location: 2F
0-2: Ball
1-2: Ball
2-2: Strikes out swinging
Bottom of the 3rd over - 1 run(s), 3 hit(s), 0 error(s), 3 left on base; Salem 1 - Gainesville 2
TOP OF THE 4TH
Salem Silver Souls batting - Pitching for Gainesville Guidos : RHP Steve Sousa
Batting: SHB Tony Yan 0-0: Ball
1-0: Called Strike
1-1: Swinging Strike
1-2: Ball
2-2: Foul Ball, location: 2F
2-2: Strikes out swinging
Batting: SHB Jesús Sosa 0-0: Swinging Strike
0-1: Swinging Strike
0-2: Foul Ball, location: 2F
0-2: Strikes out swinging
Batting: SHB Dawson Fowler 0-0: Ball
1-0: SINGLE (Groundball, 3D)
Batting: SHB Francis Shaffer 0-0: Ball
1-0: Fielders Choice at 2nd, 4-6 (Groundball, 4)
Top of the 4th over - 0 run(s), 1 hit(s), 0 error(s), 0 left on base; Salem 1 - Gainesville 2
BOTTOM OF THE 4TH
Gainesville Guidos batting - Pitching for Salem Silver Souls : RHP Mario Navarro
Batting: LHB Robbie Turner 0-0: Ball
1-0: Fly out, F8 (Flyball, 8RM)
Batting: RHB Doug Coleman 0-0: Ball
1-0: Ball
2-0: Ball
3-0: Base on Balls
Batting: RHB Kyle O'Day 0-0: Ball
1-0: Foul Ball, location: 2F
1-1: Called Strike
1-2: Ball
2-2: Ball
3-2: Strikes out swinging
Batting: RHB Augusto Baca 0-0: Ball
1-0: Ball
2-0: Ball
3-0: Called Strike
3-1: Base on Balls
Doug Coleman to second
Batting: RHB Denver Baker 0-0: Ball
1-0: Swinging Strike
1-1: Ball
2-1: Fly out, F7 (Flyball, 7LS)
Bottom of the 4th over - 0 run(s), 0 hit(s), 0 error(s), 2 left on base; Salem 1 - Gainesville 2
TOP OF THE 5TH
Salem Silver Souls batting - Pitching for Gainesville Guidos : RHP Steve Sousa
Batting: RHB Jaime Rodríguez 0-0: Ball
1-0: Foul Ball, location: 2F
1-1: Ball
2-1: Swinging Strike
2-2: Ground out 6-3 (Groundball, 6MD)
Batting: LHB Joel Nelson 0-0: Ball
1-0: Ball
2-0: Ball
3-0: Base on Balls
Batting: RHB Augusto Baiano 0-0: Ball
1-0: Ball
2-0: Ball
3-0: Base on Balls
Joel Nelson to second
Batting: RHB Jim Villiers 0-0: Called Strike
Joel Nelson steals 3rd base
Augusto Baiano to second
0-1: Foul Ball, location: 2F
0-2: Ball
1-2: Fly out, F9 (Flyball, 89S)
Batting: LHB Hamilton Hughes 0-0: Ball
1-0: Ball
2-0: Called Strike
2-1: Swinging Strike
2-2: 3-RUN HOME RUN (Flyball, 9LD), Distance : 339 ft
Batting: SHB Tony Yan 0-0: Called Strike
0-1: Ball
1-1: Ball
2-1: Ball
3-1: Swinging Strike
3-2: Foul Ball, location: 2F
3-2: Strikes out looking
Top of the 5th over - 3 run(s), 1 hit(s), 0 error(s), 0 left on base; Salem 4 - Gainesville 2
BOTTOM OF THE 5TH
Gainesville Guidos batting - Pitching for Salem Silver Souls : RHP Mario Navarro
Batting: LHB Pedro Juárez 0-0: Ball
1-0: Fly out, F8 (Flyball, 8RD)
Batting: RHB Juan Reyes 0-0: Called Strike
0-1: Called Strike
0-2: Ground out 4-3 (Groundball, 4MS)
Batting: LHB Eddy Jefferson 0-0: Ball
1-0: Foul Ball, location: 2F
1-1: Foul Ball, location: 2F
1-2: Foul Ball, location: 2F
1-2: Ball
2-2: Ball
3-2: Foul Ball, location: 2F
3-2: Ground out 6-3 (Groundball, 6MS)
Bottom of the 5th over - 0 run(s), 0 hit(s), 0 error(s), 0 left on base; Salem 4 - Gainesville 2
TOP OF THE 6TH
Salem Silver Souls batting - Pitching for Gainesville Guidos : RHP Steve Sousa
Batting: SHB Jesús Sosa 0-0: Ball
1-0: Called Strike
1-1: Fly out, F9 (Flyball, 9LM)
Batting: SHB Dawson Fowler 0-0: Ball
1-0: Ball
2-0: Ball
3-0: Called Strike
3-1: Called Strike
3-2: Base on Balls
Batting: SHB Francis Shaffer 0-0: Ball
1-0: Ball
2-0: Swinging Strike
2-1: Foul Ball, location: 2F
2-2: Ball
3-2: Strikes out swinging
Pitching: RHP Mario Tovar
Batting: RHB Jaime Rodríguez 0-0: Called Strike
0-1: Ball
1-1: Fly out, F7 (Flyball, 7)
Top of the 6th over - 0 run(s), 0 hit(s), 0 error(s), 1 left on base; Salem 4 - Gainesville 2
BOTTOM OF THE 6TH
Gainesville Guidos batting - Pitching for Salem Silver Souls : RHP Mario Navarro
Pitching: RHP Fernando Gutiérrez
Batting: RHB Adrián López 0-0: Fly out, F7 (Flyball, 7S)
Batting: LHB Robbie Turner 0-0: Ball
1-0: Fly out, F6 (Popup, 6D)
Batting: RHB Doug Coleman 0-0: SINGLE (Line Drive, 8LS)
Batting: RHB Kyle O'Day 0-0: Ground out 6-3 (Groundball, 6S)
Bottom of the 6th over - 0 run(s), 1 hit(s), 0 error(s), 1 left on base; Salem 4 - Gainesville 2
TOP OF THE 7TH
Salem Silver Souls batting - Pitching for Gainesville Guidos : RHP Mario Tovar
Batting: LHB Joel Nelson 0-0: Ball
1-0: Foul Ball, location: 2F
1-1: Foul Ball, location: 2F
1-2: Ball
2-2: Foul Ball, location: 2F
2-2: Ball
3-2: Strikes out swinging, 2-3 out at first.
Batting: RHB Augusto Baiano 0-0: Ground out 6-3 (Groundball, 6)
Batting: RHB Jim Villiers 0-0: Ground out 1-3 (Groundball, 15S)
Top of the 7th over - 0 run(s), 0 hit(s), 0 error(s), 0 left on base; Salem 4 - Gainesville 2
BOTTOM OF THE 7TH
Gainesville Guidos batting - Pitching for Salem Silver Souls : RHP Fernando Gutiérrez
Batting: RHB Augusto Baca 0-0: Ball
1-0: Called Strike
1-1: Swinging Strike
1-2: Ball
2-2: Ball
3-2: SINGLE (Line Drive, 56)
Batting: RHB Denver Baker 0-0: Called Strike
0-1: Ball
1-1: Swinging Strike
1-2: Strikes out swinging
Batting: LHB Pedro Juárez 0-0: Ball
1-0: Foul Ball, location: 2F
1-1: Called Strike
1-2: Strikes out swinging
Batting: RHB Juan Reyes 0-0: Called Strike
0-1: Ball
1-1: Ball
2-1: Foul Ball, location: 2F
2-2: Foul Ball, location: 2F
2-2: SINGLE (Line Drive, 56)
Augusto Baca to second
Batting: LHB Eddy Jefferson 0-0: Ball
1-0: Ball
2-0: Ball
3-0: Called Strike
3-1: SINGLE (Flyball, 3D)
Augusto Baca to third
Juan Reyes to second
Runner from 3rd tries for Home, SAFE, no throw
Batting: RHB Adrián López 0-0: Called Strike
0-1: Fielders Choice at 2nd, 4-6 (Groundball, 4)
Bottom of the 7th over - 1 run(s), 3 hit(s), 0 error(s), 1 left on base; Salem 4 - Gainesville 3
TOP OF THE 8TH
Salem Silver Souls batting - Pitching for Gainesville Guidos : RHP Mario Tovar
Batting: LHB Hamilton Hughes 0-0: Ball
1-0: DOUBLE (Flyball, 7LM)
Batting: SHB Tony Yan 0-0: Ball
1-0: Ball
2-0: Called Strike
2-1: Foul Ball, location: 2F
2-2: Strikes out swinging
Batting: SHB Jesús Sosa 0-0: Called Strike
0-1: Ball
1-1: Ball
2-1: Foul Ball, location: 2F
2-2: Foul Ball, location: 2F
2-2: Ball
3-2: Fly out, F6 (Popup, 6)
Batting: SHB Dawson Fowler 0-0: Fly out, F8 (Flyball, 8RM)
Top of the 8th over - 0 run(s), 1 hit(s), 0 error(s), 1 left on base; Salem 4 - Gainesville 3
BOTTOM OF THE 8TH
Gainesville Guidos batting - Pitching for Salem Silver Souls : RHP Fernando Gutiérrez
Pitching: RHP Jeff Hansen
Batting: LHB Robbie Turner 0-0: Ground out U3 (Groundball, 3)
Batting: RHB Doug Coleman 0-0: Ball
1-0: Called Strike
1-1: Called Strike
1-2: SINGLE (Groundball, 6MD)
Pinch Runner at 1st Mark McDonald:
Batting: RHB Kyle O'Day 0-0: Called Strike
0-1: Foul Ball, location: 2F
0-2: Ball
1-2: Ball
2-2: Ball
3-2: Fly out, F8 (Flyball, 8RD)
Batting: RHB Augusto Baca 0-0: Ball
1-0: Swinging Strike
1-1: Ball
2-1: Called Strike
2-2: Fly out, F9 (Flyball, 9S)
Bottom of the 8th over - 0 run(s), 1 hit(s), 0 error(s), 1 left on base; Salem 4 - Gainesville 3
TOP OF THE 9TH
Salem Silver Souls batting - Pitching for Gainesville Guidos : RHP Mario Tovar
Pitching: RHP Will Tyler
Batting: SHB Francis Shaffer 0-0: SINGLE (Groundball, 34D)
Pinch Hitting: RHB Jack Snyder 0-0: Foul Ball, location: 2F
0-1: Bunt missed!
0-2: Ball
1-2: Ball
2-2: Ball
3-2: Base on Balls
Francis Shaffer to second
Batting: LHB Joel Nelson 0-0: Called Strike
0-1: Swinging Strike
0-2: Foul Ball, location: 2F
0-2: Foul Ball, location: 2F
0-2: Ball
1-2: Foul Ball, location: 2F
1-2: Ball
2-2: SINGLE (Line Drive, 78S)
Francis Shaffer to third
Jack Snyder to second
Pinch Hitting: LHB Lyle Wilson 0-0: Grounds into double play, 4-2-3 (Groundball, 34)
Jack Snyder to third
Joel Nelson to second
Batting: RHB Jim Villiers 0-0: Foul Ball, location: 2F
0-1: Called Strike
0-2: Ball
1-2: Ball
2-2: Strikes out swinging
Top of the 9th over - 0 run(s), 2 hit(s), 0 error(s), 2 left on base; Salem 4 - Gainesville 3
BOTTOM OF THE 9TH
Gainesville Guidos batting - Pitching for Salem Silver Souls : RHP Jeff Hansen
Pitching: RHP Ramón Marerro
Now at C: Jack Snyder
Now at 2B: Adam Thomas
Batting: RHB Denver Baker 0-0: SINGLE (Flyball, 8RS)
Pinch Runner at 1st Iván Moreno:
Batting: LHB Pedro Juárez 0-0: Bunted foul
0-1: Bunted foul
0-2: Ball
1-2: SINGLE (Groundball, 34) (infield hit)
Iván Moreno to second
Batting: RHB Juan Reyes 0-0: Ball
1-0: Bunted foul
1-1: Bunted foul
1-2: Ball
2-2: Reached on error, E5 (Groundball, 56)
Iván Moreno to third
Pedro Juárez to second
Batting: LHB Eddy Jefferson 0-0: Ball
1-0: Ball
2-0: Foul Ball, location: 2F
2-1: Foul Ball, location: 2F
2-2: Strikes out swinging
Pinch Hitting: SHB Kent Phillips 0-0: Swinging Strike
0-1: Called Strike
0-2: Foul Ball, location: 2F
0-2: Foul Ball, location: 2F
0-2: Foul Ball, location: 2F
0-2: Ball
1-2: Strikes out swinging
Batting: LHB Robbie Turner 0-0: Ball
1-0: Swinging Strike
1-1: Foul Ball, location: 2F
1-2: Strikes out looking
Bottom of the 9th over - 0 run(s), 2 hit(s), 1 error(s), 3 left on base; Salem 4 - Gainesville 3
Tuesday, August 8th, 2017 - OOTP Baseball 17.12 Build 75